 Dungeon Crawl Stone Soup version 0.30.0-18-gc0e69614cb (webtiles) character file.

Game seed: 5446138709717292910

407 sampeng1 the Chopper (level 6, -3/53 HPs)
             Began as a Gnoll Cinder Acolyte on May 23, 2023.
             Was a High Priest of Ignis.
             Killed by divine providence
             ... invoked by an orc priest
              (13 damage)
             ... on level 4 of the Dungeon.
             The game lasted 00:15:59 (3841 turns).

sampeng1 the Chopper (Gnoll Cinder Acolyte)         Turns: 3841, Time: 00:15:59

Health: -3/53      AC:  2    Str: 13    XL:     6   Next: 88%
Magic:  11/11      EV: 12    Int: 15    God:    Ignis [*****.]
Gold:   152        SH:  0    Dex:  8    Spells: 7/12 levels left

rFire   + + .        a - +0 hand axe (flame)
rCold   x . .        (no shield)
rNeg    . . .        b - +0 robe
rPois   +            (no helmet)
rElec   .            (no cloak)
rCorr   .            (no gloves)
SInv    .            (no boots)
Will    .....        d - amulet of regeneration
Stlth   ++           e - ring of fire
HPRegen 1.08/turn    x - ring of poison resistance
MPRegen 0.12/turn

%: no passive effects
@: no status effects
A: fangs 1, strong nose, distributed training
a: Renounce Religion, Fiery Armour, Foxfire Swarm, Rising Flame


You were on level 4 of the Dungeon.
You worshipped Ignis.
Ignis was extremely pleased with you.
You visited 1 branch of the dungeon, and saw 4 of its levels.
You also visited: Sewer.

You collected 212 gold pieces.
You spent 60 gold pieces at shops.

Inventory:

Hand Weapons
 a - a +0 hand axe of flaming (weapon)
 g - a +0 sling
Missiles
 c - 13 poisoned darts
 f - 24 stones (quivered)
 o - a curare-tipped dart
Armour
 b - a +0 robe (worn)
Jewellery
 d - an amulet of regeneration (around neck)
 e - a ring of fire (left hand)
 k - an amulet of faith
 x - a ring of poison resistance (right hand)
Wands
 r - a wand of iceblast (7)
Scrolls
 h - a scroll of teleportation
 i - 3 scrolls of magic mapping
 j - a scroll of amnesia
 u - 2 scrolls of blinking {unknown}
 w - a scroll of identify
Potions
 l - a potion of mutation
 m - a potion of resistance {unknown}
 n - 2 potions of might
 p - 2 potions of flight
 q - 3 potions of curing
 s - a potion of brilliance {unknown}
 t - a potion of magic {unknown}
 v - a potion of heal wounds


   Skills:
 + Level 6.9 Fighting
 + Level 2.2 Short Blades
 + Level 2.2 Long Blades
 + Level 6.9 Axes
 + Level 2.2 Maces & Flails
 + Level 2.2 Polearms
 + Level 2.2 Staves
 + Level 2.2 Ranged Weapons
 + Level 2.2 Throwing
 + Level 2.2 Armour
 + Level 2.2 Dodging
 + Level 2.2 Stealth
 + Level 2.2 Shields
 + Level 2.2 Unarmed Combat
 + Level 3.6 Spellcasting
 + Level 1.8 Conjurations
 + Level 1.8 Hexes
 + Level 1.8 Summonings
 + Level 1.8 Necromancy
 + Level 1.8 Translocations
 + Level 1.8 Transmutations
 + Level 5.7 Fire Magic
 + Level 1.8 Ice Magic
 + Level 1.8 Air Magic
 + Level 1.8 Earth Magic
 + Level 1.8 Poison Magic
 + Level 2.5 Invocations
 + Level 2.2 Evocations


You had 7 spell levels left.
You knew the following spells:

 Your Spells              Type           Power      Damage    Failure   Level
a - Scorch                Fire           60%        2d7       2%          2
b - Call Imp              Summ           16%        N/A       14%         2
c - Magic Dart            Conj           32%        1d4       9%          1

Your spell library contained the following spells:

 Spells                   Type           Power      Damage    Failure   Level
 Mephitic Cloud           Conj/Pois/Air  8%         N/A       26%         3
 Ozocubu's Armour         Ice            8%         N/A       26%         3
 Stone Arrow              Conj/Erth      16%        3d8       26%         3
 Animate Armour           Summ/Erth      16%        N/A       65%         4
 Ozocubu's Refrigeration  Ice            4%         4d8       100%        7
 Lehudib's Crystal Spear  Conj/Erth      4%         10d3      100%        8


Dungeon Overview and Level Annotations

Branches:
Dungeon (4/15)              Sewer (visited)
 Temple: D:4-7

Altars:

Shops:
D:1 !   D:2 !


Innate Abilities, Weirdness & Mutations

You have very sharp teeth.
Your uncanny sense of smell can sniff out nearby items.
Your experience applies equally to all skills.


Message History

Things that are here:
a +0 club; a +0 ring mail; an orc corpse The orc priest mumbles some strange prayers to Beogh against you.
Pain shoots through your body!
An orc priest comes into view. It is wielding a +0 hand axe.
The orc priest shouts!
The orc priest completely misses you.
Throw: 25 stones
Press: ? - help, Q - select action, (/) - cycle Shift-Dir - straight line, f - orc priest
Aim: an orc priest, wielding a +0 trident (59% to hit)
You throw a stone. The stone barely misses the orc priest.
The orc priest mumbles some strange prayers to Beogh against you.
Pain shoots through your body!
The orc priest looks encouraged for a moment.
The orc priest misses you.
You barely miss the orc priest. You bite the orc priest.
The orc priest is lightly wounded.
The orc priest hits you with a +0 trident.
You hit the orc priest but do no damage.
You bite the orc priest, but do no damage.
The orc priest is lightly wounded.
The orc priest closely misses you.
You closely miss the orc priest.
The orc priest is lightly wounded.
You hit the orc priest. You burn the orc priest.
The orc priest hits you with a +0 hand axe!
The orc priest hits you with a +0 trident.
You hit the orc priest. You burn the orc priest.
The orc priest is moderately wounded.
You closely miss the orc priest.
The orc priest hits you but does no damage.
The orc priest calls down the wrath of Beogh upon you.
Pain shoots through your body!
* * * LOW HITPOINT WARNING * * *
You hit the orc priest. You burn the orc priest.
The orc priest is heavily wounded.
You barely miss the orc priest.
The orc priest calls down the wrath of Beogh upon you.
Beogh smites you!
You die...

#.# #.# #
#########.##
#.#..........#
#)#<#######..#
#......####..#
#.....)....#
######..#)#####.#
.......@..# .#
######oo### .#
#..# .# #..# .#
#..# .# #..# #...
...#


You could see 2 orc priests.

Vanquished Creatures
  2 kobold brigands (Sewer)
  2 scorpions (D:4)
  3 adders
  2 river rats (Sewer)
  5 worms (D:2)
  3 dart slugs
  4 orcs (D:4)
  8 endoplasms
  5 giant cockroaches
  10 goblins
  5 hobgoblins
  2 jackals (D:4)
  6 quokkas
  7 ball pythons
  6 bats
  3 frilled lizards
  7 kobolds
  6 rats
86 creatures vanquished.

Vanquished Creatures (collateral kills)
  An endoplasm (D:2)
  A bat (D:2)
2 creatures vanquished.

Grand Total: 88 creatures vanquished

Notes
Turn   | Place    | Note
-------+----------+-------------------------------------------
     0 | D:1      | sampeng1 the Gnoll Cinder Acolyte began the quest for the
                  | Orb.
     0 | D:1      | Reached XP level 1. HP: 23/23 MP: 4/4
   136 | D:1      | Reached XP level 2. HP: 26/29 MP: 5/5
   143 | D:1      | Learned a level 2 spell: Scorch
   384 | D:1      | Found Orekkyfo's Distillery.
   570 | D:1      | Found a faded altar of an unknown god.
  1036 | D:1      | Bought a potion of heal wounds for 60 gold pieces
  1078 | D:2      | Reached XP level 3. HP: 16/35 MP: 0/7
  1258 | D:2      | Reached skill level 1 in Invocations
  1264 | D:2      | Learned a level 2 spell: Call Imp
  1266 | D:2      | Learned a level 1 spell: Magic Dart
  1384 | D:2      | Reached skill level 1 in Short Blades
  1384 | D:2      | Reached skill level 1 in Long Blades
  1384 | D:2      | Reached skill level 1 in Maces & Flails
  1384 | D:2      | Reached skill level 1 in Polearms
  1384 | D:2      | Reached skill level 1 in Staves
  1384 | D:2      | Reached skill level 1 in Ranged Weapons
  1384 | D:2      | Reached skill level 1 in Throwing
  1384 | D:2      | Reached skill level 1 in Armour
  1384 | D:2      | Reached skill level 1 in Dodging
  1384 | D:2      | Reached skill level 1 in Stealth
  1384 | D:2      | Reached skill level 1 in Shields
  1384 | D:2      | Reached skill level 1 in Unarmed Combat
  1384 | D:2      | Reached skill level 1 in Evocations
  1626 | D:2      | Reached XP level 4. HP: 37/41 MP: 5/8
  1691 | D:2      | Found Eco Teir's Distillery.
  2024 | D:2      | Reached skill level 1 in Conjurations
  2024 | D:2      | Reached skill level 1 in Hexes
  2024 | D:2      | Reached skill level 1 in Summonings
  2024 | D:2      | Reached skill level 1 in Necromancy
  2024 | D:2      | Reached skill level 1 in Translocations
  2024 | D:2      | Reached skill level 1 in Transmutations
  2024 | D:2      | Reached skill level 1 in Ice Magic
  2024 | D:2      | Reached skill level 1 in Air Magic
  2024 | D:2      | Reached skill level 1 in Earth Magic
  2024 | D:2      | Reached skill level 1 in Poison Magic
  2607 | D:3      | Found a glowing drain.
  2622 | Sewer    | Entered a sewer
  2716 | Sewer    | Noticed a kobold brigand
  2718 | Sewer    | Noticed a kobold brigand
  2730 | Sewer    | Reached XP level 5. HP: 11/44 MP: 1/9
  2731 | Sewer    | Killed a kobold brigand
  2738 | Sewer    | Killed a kobold brigand
  2739 | Sewer    | Reached XP level 6. HP: 16/53 MP: 2/11
  2823 | Sewer    | Found a white marble altar of Elyvilon.
  3474 | D:4      | Upgraded the game from 0.30.0-17-ge0270778cf to
                  | 0.30.0-18-gc0e69614cb
  3841 | D:4      | Killed from afar by an orc priest

Illustrated notes

Levels and vault maps discovered:
D:1:      dpeg_arrival_round_c, layout_loops_ring,
          dilly_ecumenical_altar_fadedgnrine, serial_shops, shop,
          due_unseen_surprise
D:2:      layout_rooms, serial_shops, shop, minmay_goblin_outpost
D:3:      layout_basic, gup_sewer_entry_pipe, interstate_on_off
D:4:      layout_loops_ring

Skill      XL: |  1  2  3  4  5  6 |
---------------+-------------------+-----
Invocations    | 1 2 |  2.5
Short Blades   | 1 2 |  2.2
Long Blades    | 1 2 |  2.2
Maces & Flails | 1 2 |  2.2
Polearms       | 1 2 |  2.2
Staves         | 1 2 |  2.2
Ranged Weapons | 1 2 |  2.2
Throwing       | 1 2 |  2.2
Armour         | 1 2 |  2.2
Dodging        | 1 2 |  2.2
Stealth        | 1 2 |  2.2
Shields        | 1 2 |  2.2
Unarmed Combat | 1 2 |  2.2
Evocations     | 1 2 |  2.2
Spellcasting   | 3 |  3.6
Conjurations   | 1 |  1.8
Hexes          | 1 |  1.8
Summonings     | 1 |  1.8
Necromancy     | 1 |  1.8
Translocations | 1 |  1.8
Transmutations | 1 |  1.8
Ice Magic      | 1 |  1.8
Air Magic      | 1 |  1.8
Earth Magic    | 1 |  1.8
Poison Magic   | 1 |  1.8
Fighting       | |  6.9
Axes           | |  6.9
Fire Magic     | |  5.7

Action                     |  1- 3 |  4- 6 || total
---------------------------+-------+-------++-------
  Melee: Hand axe          |    82 |   141 ||   223
         Bite              |    10 |    15 ||    25
         Punch             |     1 |     1 ||     2
  Throw: Dart              |     3 |       ||     3
         Stone             |     2 |     3 ||     5
   Cast: Scorch            |    14 |    10 ||    24
         Magic Dart        |     9 |       ||     9
         Call Imp          |     1 |     4 ||     5
    Use: Potion            |     1 |     4 ||     5
         Scroll            |       |     9 ||     9
   Stab: Sleeping          |       |     2 ||     2
 Armour: Robe              |    20 |    20 ||    40
  Dodge: Dodged            |    71 |    80 ||   151
